 Dungeon Crawl Stone Soup version 0.17-a0-1646-geb1493d (webtiles) character file.

5029 matakusis the Ducker (level 10, -2/76 HPs)
             Began as a Demonspawn Gladiator on Aug 11, 2015.
             Was a Believer of Makhleb.
             Slain by a death yak (11 damage)
             ... on level 1 of the Lair of Beasts.
             The game lasted 00:48:23 (9737 turns).

matakusis the Ducker (Demonspawn Gladiator)         Turns: 9737, Time: 00:48:23

Health: -2/76      AC: 12    Str: 19    XL:     10   Next: 30%
Magic:  0/10       EV: 19    Int: 13    God:    Makhleb [**....]
Gold:   227        SH:  6    Dex: 23    Spells: 1 memorised, 4 levels left

rFire  . . .     SeeInvis .     o - +2 morningstar (protect)
rCold  . . .     Clarity  +     f - +2 robe of the Quahog {rElec Dex+3 Stlth+}
rNeg   . . .     SustAt   .     e - +0 buckler
rPois  .         Gourm    .     (helmet restricted)
rElec  +         Spirit   +     H - +0 cloak
rCorr  .         Warding  .     (no gloves)
rMut   .         Stasis   .     (boots unavailable)
MR     .....                    (no amulet)
Stlth  ++++......               w - ring "Yschieci" {Int+4 Dex+2}
                                B - +2 ring of protection

@: about to teleport, not resistant to hostile enchantments, stealthy
A: beak, hooves 3, thin skeletal structure 1, agile 1, clarity, spiny 2, magic
shield, magic regeneration
a: Minor Destruction, Renounce Religion


You were on level 1 of the Lair of Beasts.
You worshipped Makhleb.
Makhleb was pleased with you.
You were hungry.

You visited 3 branches of the dungeon, and saw 11 of its levels.
You also visited: Ossuary.

You collected 501 gold pieces.
You spent 274 gold pieces at shops.

Inventory:

Hand weapons
 a - the +6 rapier of Ascheoh {elec, rN+ Dex+5}
   (You found it on level 6 of the Dungeon)

   Occasionally, upon striking a foe, it will discharge some electrical energy
   and cause terrible harm.
   It affects your dexterity (+5).
   It protects you from negative energy.
 o - a +2 morningstar of protection (weapon)
Missiles
 d - 6 throwing nets (quivered)
Armour
 e - a +0 buckler (worn)
 f - the +2 robe of the Quahog (worn) {rElec Dex+3 Stlth+}
   (You found it on level 6 of the Dungeon)

   It affects your dexterity (+3).
   It insulates you from electricity.
   It makes you more stealthy.
 p - a +4 chain mail
 H - a +0 cloak (worn)
Jewellery
 w - the ring "Yschieci" (right hand) {Int+4 Dex+2}
   (You bought it in a shop on level 5 of the Dungeon)

   [ring of dexterity]

   It affects your intelligence (+4).
   It affects your dexterity (+2).
 B - a +2 ring of protection (left hand)
Magical devices
 n - a wand of fireball (15)
 v - a wand of digging (15)
 x - a wand of fireball (6)
 D - a wand of slowing (15)
Scrolls
 j - 5 scrolls of remove curse
 r - 3 scrolls of teleportation
 s - 2 scrolls of fear
 t - 2 scrolls of blinking
 y - 2 scrolls of identify
 G - a scroll of enchant armour
Potions
 b - 3 potions of haste
 c - a potion of might
 h - 6 potions of heal wounds
 i - a potion of flight
 l - 2 potions of brilliance
 m - a potion of cure mutation
 z - a potion of resistance
 A - a potion of berserk rage
 F - 3 potions of curing
Books
 k - a Grand Grimoire

   Spells                             Type                      Level
   a - Monstrous Menagerie            Summoning                    6
   b - Summon Greater Demon           Summoning                    7
   c - Malign Gateway                 Summoning/Translocation      7
   d - Summon Horrible Things         Summoning                    8
 C - a book of Ice

   Spells                             Type                      Level
   a - Ice Form                       Ice/Transmutation            4
   b - Metabolic Englaciation         Hexes/Ice                    5
   c - Ozocubu's Refrigeration        Ice                          6
   d - Bolt of Cold                   Conjuration/Ice              6
   e - Freezing Cloud                 Conjuration/Ice/Air          6
   f - Simulacrum                     Ice/Necromancy               6
Comestibles
 g - 4 slices of pizza
 q - a bread ration
 u - 7 fruits
 E - 3 meat rations


   Skills:
 + Level 5.8 Fighting
   Level 3.7(5.3) Axes
 + Level 5.8(6.4) Maces & Flails
 + Level 1.9 Throwing
 + Level 5.4 Armour
 + Level 7.1 Dodging
 - Level 1.2 Stealth
 + Level 4.2 Shields
 * Level 5.9 Hexes


You had 4 spell levels left.
You knew the following spells:

 Your Spells              Type           Power        Failure   Level  Hunger
a - Metabolic Englaciati  Hex/Ice        #.........   100%        5    ######.


Dungeon Overview and Level Annotations

Branches:
Dungeon (9/15)             Temple (1/1) D:7            Lair (1/8) D:8
    Orc: D:9-12

Altars:
Ashenzari
Cheibriados
Dithmenos
Elyvilon
Fedhas
Gozag
Kikubaaqudgha
Makhleb
Nemelex Xobeh
Okawaru
Qazlal
Ru
Sif Muna
Trog
Vehumet
Xom
Yredelemnul
Zin
The Shining One

Shops:
D:5 =   D:8 (


Innate Abilities, Weirdness & Mutations

You have hooves in place of feet.
You have a somewhat thin skeletal structure (Dex +2, Stealth).
You are mostly covered in sharp spines.
When hurt, damage is shared between your health and your magic reserves.
You regenerate magic rapidly.
You have a beak for a mouth.
You are agile. (Dex +2)
You possess an exceptional clarity of mind.


Message History

You kick the death yak, but do no damage.
The death yak is lightly wounded.
The death yak gores you!!
You hit the death yak but do no damage.
You kick the death yak, but do no damage.
You peck the death yak.
The death yak is moderately wounded.
The death yak is struck by your spines. The death yak gores you.
The death yak barely misses you.
You barely miss the death yak. You kick the death yak.
The death yak is lightly wounded.
The death yak gores you!!
Read which item? (? for menu, Esc to quit)
As you read the scroll of teleportation, it crumbles to dust.
You feel strangely unstable. The death yak gores you!
The death yak closely misses you. The death yak gores you!!
* * * LOW HITPOINT WARNING * * *
Unknown command.
The death yak is struck by your spines. The death yak gores you!
You die...

......l #.....
#.... #...#
#...# #...#
###)..###..
######..<.......
#.@Y.YY.........
#..YYY......####
#...........#
######P##....#
### ...## ...#
..... ....


You could see 6 death yaks.

Vanquished Creatures
  A two-headed ogre (D:8)
  A wyvern (D:8)
  A hungry ghost (D:8)
  2 hippogriffs (D:7)
  Duvessa (D:7)
  8 orc warriors
  A phantom (D:6)
  2 black bears (D:6)
  2 ice beasts (D:6)
  3 ogres
  2 centaurs
  Blork the orc (D:6)
  7 giant frogs
  Dowan (D:7)
  A gnoll sergeant (D:6)
  A wyvern skeleton (D:7)
  A scorpion (D:4)
  4 killer bees (D:7)
  A water moccasin skeleton (D:7)
  2 centaur zombies (Ossuary)
  3 crimson imps
  A giant frog zombie (D:7)
  A giant frog skeleton (D:4)
  Ijyb (D:3)
  2 hounds
  4 centaur skeletons
  5 orc priests
  Terence (D:3)
  8 worker ants
  4 iguanas
  10 orc wizards
  4 big kobold zombies (Ossuary)
  A hound zombie (D:6)
  4 mummies (Ossuary)
  A worker ant zombie (D:7)
  6 adders
  7 gnolls
  3 shadow imps
  An adder zombie (D:7)
  3 adder skeletons
  A worm (D:2)
  4 giant geckos
  30 orcs
  3 ball pythons
  4 bats
  6 giant cockroaches
  13 goblins
  11 hobgoblins
  3 quokkas
  A giant gecko skeleton (D:5)
  9 giant newts
  A hobgoblin zombie (Ossuary)
  5 jackals
  10 kobolds
  2 quokka zombies
  11 rats
  A rat zombie (D:6)
228 creatures vanquished.

Notes
Turn   | Place    | Note
--------------------------------------------------------------
     0 | D:1      | matakusis the Demonspawn Gladiator began the quest for the Orb.
     0 | D:1      | Reached XP level 1. HP: 16/16 MP: 1/1
   507 | D:1      | Gained mutation: You have large cloven feet. [demonic ancestry]
   507 | D:1      | Reached XP level 2. HP: 22/22 MP: 2/2
   548 | D:1      | Reached skill level 3 in Dodging
   659 | D:1      | Gained mutation: You possess an exceptional clarity of mind. [potion of mutation]
   659 | D:1      | Gained mutation: You are agile. (Dex +2) [potion of mutation]
   659 | D:1      | Gained mutation: You have a beak for a mouth. [potion of mutation]
   754 | D:1      | Reached XP level 3. HP: 23/27 MP: 3/3
  1148 | D:2      | Reached skill level 1 in Armour
  2186 | D:3      | Gained mutation: You are partially covered in sharp spines. [demonic ancestry]
  2186 | D:3      | Reached XP level 4. HP: 34/34 MP: 4/4
  2237 | D:3      | Noticed Terence
  2255 | D:3      | Killed Terence
  2389 | D:3      | Noticed Ijyb
  2400 | D:3      | Killed Ijyb
  2403 | D:3      | Gained mutation: When hurt, damage is shared between your health and your magic reserves. [demonic ancestry]
  2403 | D:3      | Reached XP level 5. HP: 34/39 MP: 5/5
  2771 | D:4      | Reached skill level 4 in Dodging
  2813 | D:4      | Noticed an ogre
  2822 | D:4      | Killed an ogre
  2822 | D:4      | Reached skill level 1 in Stealth
  2822 | D:4      | Gained mutation: You regenerate magic rapidly. [demonic ancestry]
  2822 | D:4      | Reached XP level 6. HP: 8/47 MP: 1/6
  3071 | D:4      | Reached skill level 1 in Maces & Flails
  3184 | D:4      | Found a shattered altar of Ashenzari.
  3311 | D:4      | Learned a level 5 spell: Metabolic Englaciation
  3354 | D:4      | Reached skill level 1 in Shields
  3444 | D:4      | Noticed an ogre
  3448 | D:4      | Killed an ogre
  3448 | D:4      | Reached skill level 1 in Hexes
  3448 | D:4      | Gained mutation: You have hoof-like feet. [demonic ancestry]
  3448 | D:4      | Reached XP level 7. HP: 52/52 MP: 7/7
  3500 | D:5      | Entered Level 5 of the Dungeon
  3782 | D:5      | Found Woogiw's Jewellery Boutique.
  3837 | D:5      | Found a shadowy altar of Dithmenos.
  4630 | D:6      | Noticed Blork the orc
  4635 | D:6      | Killed Blork the orc
  4878 | D:6      | Gained mutation: You are mostly covered in sharp spines. [demonic ancestry]
  4878 | D:6      | Reached XP level 8. HP: 46/59 MP: 6/8
  4948 | D:6      | Reached skill level 5 in Dodging
  4959 | D:6      | Found a sand-covered staircase.
  4966 | Ossuary  | Entered an ossuary
  5770 | D:6      | Gained mutation: You have hooves in place of feet. [demonic ancestry]
  5770 | D:6      | Reached XP level 9. HP: 46/66 MP: 9/9
  5974 | D:6      | Got a shimmering rapier
  5975 | D:6      | Identified the +6 rapier of Ascheoh {elec, rN+ Dex+5} (You found it on level 6 of the Dungeon)
  6024 | D:6      | Got an ancient robe
  6035 | D:6      | Identified the +2 robe of the Quahog {rElec Dex+3 Stlth+} (You found it on level 6 of the Dungeon)
  6770 | D:5      | Bought the ring "Yschieci" {Int+4 Dex+2} for 274 gold pieces
  6879 | D:7      | Reached skill level 5 in Armour
  6884 | D:7      | Reached skill level 5 in Fighting
  6994 | D:7      | Noticed Dowan
  6995 | D:7      | Noticed Duvessa
  7006 | D:7      | Killed Duvessa
  7006 | D:7      | Reached skill level 6 in Dodging
  7008 | D:7      | Killed Dowan
  7022 | D:7      | Found a staircase to the Ecumenical Temple.
  7172 | Temple   | Entered the Ecumenical Temple
  7344 | Temple   | Became a worshipper of Makhleb the Destroyer
  7457 | D:7      | Reached skill level 5 in Maces & Flails
  7537 | D:7      | Reached skill level 5 in Hexes
  7601 | D:7      | Found a bloodstained altar of Trog.
  7662 | D:7      | Acquired Makhleb's first power
  8064 | D:8      | Gained mutation: You have a somewhat thin skeletal structure (Dex +2, Stealth). [demonic ancestry]
  8064 | D:8      | Reached XP level 10. HP: 72/74 MP: 10/10
  8483 | D:8      | Found a white marble altar of Elyvilon.
  8530 | D:8      | Acquired Makhleb's second power
  8653 | D:8      | Found Arusamn's Weapon Shop.
  8736 | D:8      | Reached skill level 7 in Dodging
  8809 | D:8      | Found a staircase to the Lair.
  9727 | Lair:1   | Entered Level 1 of the Lair of Beasts
  9727 | Lair:1   | Noticed a death yak
  9727 | Lair:1   | Noticed a death yak
  9727 | Lair:1   | Noticed a death yak
  9727 | Lair:1   | Noticed a death yak
  9727 | Lair:1   | Noticed a death yak
  9727 | Lair:1   | Noticed a death yak
  9737 | Lair:1   | Slain by a death yak

Vault maps used:
D:1:      dpeg_arrival_radiant
D:2:      st_stairs_8, serial_bayou_lagoon_b
D:3:      first_bread, uniq_iyjb, uniq_terence
D:4:      minmay_door_path, cheibrodos_ashenzari_chains,
          kennysheep_generic_room_6
D:5:      serial_shops, nicolae_shop_behind_doors, basic_altar
D:6:      enter_ossuary_4, uniq_blork_the_orc
D:7:      minmay_temple_entry_statues, trog_hazing_becter, uniq_duvessa
D:8:      lair_0_dummy, serial_shops, shop, basic_altar
Temple:   grunt_wide_crystal_templ_18
Ossuary:  ossuary_the_hunt_dpeg

Action                   |  1- 3 |  4- 6 |  7- 9 | 10-12 || total
-------------------------+-------+-------+-------+-------++-------
Melee: War axe           |   136 |    20 |       |       ||   156
       Morningstar       |       |    75 |   240 |    67 ||   382
  Use: Scroll            |     7 |     1 |    20 |     1 ||    29
       Potion            |     1 |       |       |       ||     1
 Stab: Sleeping          |       |       |     3 |     2 ||     5
       Distracted        |       |       |     1 |       ||     1
  Eat: Chunk             |     3 |       |    10 |     5 ||    18
       Bread ration      |     1 |       |       |       ||     1
       Royal jelly       |       |       |     2 |       ||     2
       Beef jerky        |       |       |     1 |       ||     1
